[Event "Titled Tuesday Blitz February 14 Late 2023"]
[White "Salem, A.R. Saleh"]
[Black "Solon, Nathan"]
[WhiteFideId "9301348"]
[BlackFideId "2017229"]
[WhiteElo "2677"]
[BlackElo "2306"]
[Result "1/2-1/2"]
[Round "07"]
[TimeControl "180+2"]
[Date "2023.02.14"]
[WhiteClock "0:00:11"]
[BlackClock "0:00:07"]

1. d4 Nf6 2. c4 c5 3. d5 b5 4. cxb5 a6 5. bxa6 g6 6. Nc3 Bg7 7. e4 O-O 8. a7 Rxa7 9. Nf3 e6 10. Be2 exd5 11. exd5 d6 12. O-O Na6 13. Nb5 Rd7 14. Bg5 h6 15. Bxf6 Qxf6 16. Nc3 Nc7 17. a4 Ba6 18. Bxa6 Nxa6 19. Re1 Rb8 20. Re2 Nb4 21. h3 c4 22. Nd2 Nd3 23. Nxc4 Nxb2 24. Ne4 Nxd1 25. Nxf6+ Bxf6 26. Rxd1 Rb4 27. Re4 Re7 28. Rde1 Rxe4 29. Rxe4 Rxa4 30. Nxd6 Ra1+ 31. Kh2 Rd1 32. Re8+ Kg7 33. Ne4 Ba1 34. Rd8 f5 35. Nc5 Rd2 36. f4 Rd1 37. Rd7+ Kf6 38. Nb7 Bd4 39. g4 fxg4 40. hxg4 Be3 41. Kg3 Rf1 42. Nd8 Bxf4+ 43. Kg2 Rd1 44. Rf7+ Ke5 45. Nc6+ Kxd5 46. Nb4+ Ke4 47. Re7+ Be5 48. Nc6 Rd2+ 49. Kf1 Rd5 50. Re6 h5 51. Rxg6 hxg4 52. Rxg4+ Kf5 53. Rc4 Rd1+ 54. Ke2 Ra1 55. Rc5 Ra2+ 56. Kd3 Ra3+ 57. Kd2 Ra2+ 58. Kc1 Ra1+ 59. Kc2 Ra2+ 60. Kd1 Ra1+ 61. Ke2 Ra2+ 62. Ke1 Ra1+ 63. Kf2 Ra2+ 64. Kf1 Ra1+ 65. Kg2 Ra2+ 66. Kg1 Ra1+ 67. Kf2 Ra2+ 68. Kf3 Ra3+ 69. Ke2 Ra2+ 1/2-1/2


[Site "https://www.chess.com"]

[Event "Titled Tuesday Blitz February 14 Late 2023"]
[White "Svane, Rasmus"]
[Black "Alex_Sahakyan2006"]
[WhiteFideId "4657101"]
[WhiteElo "2623"]
[BlackElo "2696"]
[Result "0-1"]
[Round "07"]
[TimeControl "180+2"]
[Date "2023.02.14"]
[WhiteClock "0:00:05"]
[BlackClock "0:00:05"]

1. Nf3 d5 2. g3 Bg4 3. Bg2 Bxf3 4. Bxf3 e6 5. O-O Nf6 6. d3 Nbd7 7. e4 dxe4 8. dxe4 Ne5 9. Bg2 Bc5 10. Nd2 h5 11. Nb3 Bb6 12. Qe2 h4 13. Qb5+ Nfd7 14. Bf4 hxg3 15. Bxg3 Qg5 16. a4 O-O-O 17. c3 Rxh2 18. Bxh2 Nf3+ 19. Kh1 Rh8 20. Bxf3 Qh4 21. Qh5 Rxh5 22. Bxh5 Bxf2 23. Kg2 Qxh5 24. Rxf2 Qg4+ 25. Bg3 Qxe4+ 26. Kg1 Nf6 27. Nd2 Qe3 28. Nf1 Qg5 29. Rg2 Ne4 30. Rd1 Qc5+ 31. Bf2 Qh5 32. Rd4 Ng5 33. Nh2 Nh3+ 34. Kf1 e5 35. Rh4 Qd1+ 36. Be1 Qd3+ 37. Re2 Nf4 38. Rxf4 exf4 39. Kf2 Qg3+ 40. Kf1 Qh3+ 41. Kg1 g5 42. Rg2 f6 43. Bf2 Qd3 44. Ng4 Qb1+ 45. Kh2 Qxb2 46. Bd4 Qb3 47. Nxf6 f3 48. Rxg5 b6 49. Rg8+ Kb7 50. Rg3 Qxa4 51. Kh3 a5 52. Rxf3 Qc4 53. Ne4 Qe6+ 54. Kg3 Qxe4 55. Rf4 Qc2 56. Rf2 Qb3 57. Rf3 a4 58. Be5 Qc4 59. Rf4 Qd3+ 60. Rf3 Qg6+ 61. Kf2 a3 62. c4 Qc2+ 63. Kg3 a2 64. Ra3 Qb1 65. Kf4 Qf1+ 66. Kg4 Qxc4+ 67. Kf5 Qc2+ 68. Ke6 b5 69. Rc3 Qg6+ 70. Ke7 Qh7+ 71. Kd8 a1=Q 72. Rxc7+ Qxc7+ 73. Bxc7 Qh8+ 0-1


[Site "https://www.chess.com"]

[Event "Titled Tuesday Blitz February 14 Late 2023"]
[White "Sokolovsky, Yahli"]
[Black "Yoo, Christopher Woojin"]
[WhiteFideId "2820242"]
[BlackFideId "30909694"]
[WhiteElo "2461"]
[BlackElo "2607"]
[Result "0-1"]
[Round "07"]
[TimeControl "180+2"]
[Date "2023.02.14"]
[WhiteClock "0:00:23"]
[BlackClock "0:01:23"]

1. b3 e5 2. Bb2 Nc6 3. e3 Nf6 4. Nf3 e4 5. Nd4 d5 6. c4 Ne5 7. cxd5 Nxd5 8. Qh5 Bd6 9. Nb5 Bg4 10. Qxe5+ Bxe5 11. Bxe5 Nb4 12. Nxc7+ Kf8 13. Na3 Nd3+ 14. Bxd3 Qxd3 15. f3 exf3 16. Rg1 Qe2# 0-1


[Site "https://www.chess.com"]

[Event "Titled Tuesday Blitz February 14 Late 2023"]
[White "Korchmar, Vasiliy"]
[Black "Kollars, Dmitrij"]
[WhiteFideId "24131750"]
[BlackFideId "12909572"]
[WhiteElo "2438"]
[BlackElo "2607"]
[Result "0-1"]
[Round "07"]
[TimeControl "180+2"]
[Date "2023.02.14"]
[WhiteClock "0:00:02"]
[BlackClock "0:00:58"]

1. e4 e5 2. Nf3 Nc6 3. Bc4 Nf6 4. d3 Be7 5. O-O O-O 6. Nc3 d6 7. a4 a5 8. Re1 Be6 9. Nd5 Bxd5 10. exd5 Nb4 11. d4 e4 12. Ng5 Nbxd5 13. Nxe4 c6 14. Ng3 Re8 15. c3 Nc7 16. Qb3 d5 17. Bd3 Rb8 18. Nf5 Bf8 19. Bg5 Ne6 20. Bh4 g6 21. Ne3 Be7 22. Bg3 Bd6 23. Bh4 Kg7 24. Ng4 Be7 25. Nxf6 Bxf6 26. Bg3 Rc8 27. Qxb7 h5 28. h3 h4 29. Bh2 c5 30. dxc5 Nxc5 31. Qb5 Rxe1+ 32. Rxe1 d4 33. cxd4 Qxd4 34. Bf1 Qxa4 35. Qxa4 Nxa4 36. Ra1 Nxb2 37. Rxa5 Rc1 38. Be5 Nd3 39. Bxf6+ Kxf6 40. g3 Ne5 41. Ra3 Kg7 42. Kg2 hxg3 43. fxg3 Rc2+ 44. Kg1 f5 45. Bg2 Kh6 46. Re3 Nc4 47. Rd3 Kg5 48. Rf3 Ne5 49. Rf2 Rc1+ 50. Rf1 Rc3 51. Kh2 Nc4 52. Rf2 Rc1 53. Re2 Kf6 54. h4 Ne5 55. Bh3 Rc3 56. Bg2 Ng4+ 57. Kg1 Ne3 58. Kf2 Ng4+ 59. Kg1 Rxg3 0-1


[Site "https://www.chess.com"]

[Event "Titled Tuesday Blitz February 14 Late 2023"]
[White "Boyer, Mahel"]
[Black "Chigaev, Maksim"]
[WhiteFideId "45102422"]
[BlackFideId "4108116"]
[WhiteElo "2489"]
[BlackElo "2628"]
[Result "1-0"]
[Round "07"]
[TimeControl "180+2"]
[Date "2023.02.14"]
[WhiteClock "0:00:45"]
[BlackClock "0:00:03"]

1. d4 Nf6 2. c4 g6 3. Nc3 Bg7 4. e4 d6 5. Be2 O-O 6. h4 h5 7. Nf3 Bg4 8. Ng5 Bxe2 9. Qxe2 Nc6 10. d5 Nd4 11. Qd1 c5 12. O-O Ng4 13. Rb1 a6 14. a4 b5 15. axb5 axb5 16. Nxb5 Nxb5 17. cxb5 Qb6 18. Qe2 Rab8 19. f3 Nf6 20. Bd2 Qxb5 21. Qxb5 Rxb5 22. Bc3 Rfb8 23. Ra1 Nd7 24. Ra7 R5b7 25. Rxb7 Rxb7 26. Ra1 Bxc3 27. bxc3 Kg7 28. Ra8 Ne5 29. Re8 Nd3 30. Kf1 c4 31. g3 Nc5 32. Ke2 f6 33. Ne6+ Nxe6 34. dxe6 f5 35. Ke3 fxe4 36. fxe4 Kf6 37. Rg8 Rb2 38. Rc8 Rc2 39. Rxc4 Kxe6 40. Rc7 Kf6 41. Kf4 Rf2+ 42. Ke3 Rg2 43. Kf3 Rc2 44. Kf4 Rd2 45. Rc6 Rd3 46. e5+ Ke6 47. exd6 exd6 48. Rc7 Kf6 49. Rd7 Ke6 50. Rc7 Kf6 51. Rc6 Ke6 52. Rc4 Kd7 53. g4 d5 54. Rd4 1-0


[Site "https://www.chess.com"]

[Event "Titled Tuesday Blitz February 14 Late 2023"]
[White "Sanchez, Sebastian Felipe"]
[Black "Predke, Alexandr"]
[WhiteFideId "4403304"]
[BlackFideId "24107581"]
[WhiteElo "2427"]
[BlackElo "2685"]
[Result "1-0"]
[Round "07"]
[TimeControl "180+2"]
[Date "2023.02.14"]
[WhiteClock "0:00:07"]
[BlackClock "0:00:01"]

1. d4 Nf6 2. c4 e6 3. g3 Bb4+ 4. Nd2 c5 5. dxc5 Na6 6. Nf3 Nxc5 7. Bg2 O-O 8. O-O Qe7 9. Nb3 Nxb3 10. Qxb3 a5 11. Rd1 a4 12. Qc2 Ra5 13. Bd2 a3 14. Rab1 h6 15. Nd4 axb2 16. Bxb4 Qxb4 17. Rxb2 Qe7 18. Qc3 Ra3 19. Qd2 d5 20. cxd5 exd5 21. Nb5 Ra6 22. Nc3 Rd8 23. Qd4 Rad6 24. Rdb1 Qe8 25. Rb6 Re6 26. R1b2 Re5 27. e3 h5 28. h3 Qe7 29. R2b5 Qc7 30. Qc5 Qd7 31. Ra5 Qf5 32. Qd4 Ree8 33. Rc5 Re5 34. Rc7 Ree8 35. Rb5 Qg6 36. Rbc5 Kh8 37. Ne2 Qf5 38. Nf4 Be6 39. Rxb7 Ra8 40. Rcc7 Rxa2 41. Rxf7 Bxf7 42. Rxf7 Rc8 43. Bf3 Rcc2 44. g4 hxg4 45. hxg4 Qg5 46. Ne6 Qh4 47. Rf8+ Kh7 48. Qd3+ 1-0


[Site "https://www.chess.com"]

[Event "Titled Tuesday Blitz February 14 Late 2023"]
[White "Gharibyan, Mamikon"]
[Black "Cruz, Jonathan"]
[WhiteFideId "13308300"]
[BlackFideId "3802124"]
[WhiteElo "2500"]
[BlackElo "2328"]
[Result "1-0"]
[Round "07"]
[TimeControl "180+2"]
[Date "2023.02.14"]
[WhiteClock "0:01:12"]
[BlackClock "0:00:04"]

1. e4 e5 2. Nf3 Nc6 3. Bc4 Be7 4. d4 exd4 5. O-O d6 6. Nxd4 Nxd4 7. Qxd4 Nf6 8. Nc3 O-O 9. Bf4 Be6 10. Rad1 Bxc4 11. Qxc4 Qc8 12. Rfe1 Re8 13. h3 Bf8 14. e5 dxe5 15. Bxe5 Re6 16. Qxc7 Qxc7 17. Bxc7 Rc6 18. Be5 Bb4 19. a3 Bxc3 20. Bxc3 Rac8 21. Re7 b6 22. Bxf6 gxf6 23. c3 R6c7 24. Rdd7 Rxd7 25. Rxd7 a5 26. Rd6 b5 27. Rxf6 b4 28. cxb4 axb4 29. axb4 Rc2 30. Rf4 Rxb2 31. Kf1 Kg7 32. g3 f6 33. Kg2 Kg6 34. Kf3 f5 35. Ke3 Rb3+ 36. Kd2 h5 37. h4 Kf6 38. Kc2 Ra3 39. b5 Ke5 40. Kb2 Ra8 41. b6 Rb8 42. Rb4 Kd6 43. Kc3 Kc5 44. b7 1-0


[Site "https://www.chess.com"]

[Event "Titled Tuesday Blitz February 14 Late 2023"]
[White "Kamsky, Gata"]
[Black "Domingo Nunez, Ruben"]
[WhiteFideId "2000024"]
[BlackFideId "22245570"]
[WhiteElo "2665"]
[BlackElo "2416"]
[Result "0-1"]
[Round "07"]
[TimeControl "180+2"]
[Date "2023.02.14"]
[WhiteClock "0:00:02"]
[BlackClock "0:00:04"]

1. e4 Nf6 2. e5 Nd5 3. d4 d6 4. Nf3 c6 5. Be2 Bf5 6. O-O dxe5 7. Nxe5 Nd7 8. Nf3 e6 9. c4 N5f6 10. Nc3 Bd6 11. Nh4 Bg6 12. g3 O-O 13. Bf3 Re8 14. Re1 Rc8 15. a3 e5 16. Nxg6 hxg6 17. d5 cxd5 18. Nxd5 Rxc4 19. Nxf6+ Nxf6 20. Bxb7 Qb6 21. Bg2 Bc5 22. Qe2 Rd8 23. Kf1 Qb3 24. Qf3 Rd3 25. Be3 e4 26. Qf4 Nd5 27. Qe5 Bxe3 28. Bxe4 Bxf2 29. Kxf2 Rd2+ 30. Kg1 Qb6+ 31. Kh1 Qf2 32. g4 Rxe4 0-1


[Site "https://www.chess.com"]

[Event "Titled Tuesday Blitz February 14 Late 2023"]
[White "Melikyan, Gnel"]
[Black "Ibarra Jerez, Jose Carlos"]
[WhiteFideId "54109990"]
[BlackFideId "2226332"]
[WhiteElo "2238"]
[BlackElo "2563"]
[Result "0-1"]
[Round "07"]
[TimeControl "180+2"]
[Date "2023.02.14"]
[WhiteClock "0:01:08"]
[BlackClock "0:01:26"]

1. d4 Nf6 2. c4 d6 3. Nc3 e5 4. dxe5 dxe5 5. Qxd8+ Kxd8 6. Bg5 Be6 7. O-O-O+ Nd7 8. Nf3 Kc8 9. e3 c6 10. Bd3 Bb4 11. Bxf6 gxf6 12. Ne4 f5 13. Neg5 e4 14. Nd4 exd3 15. Ndxe6 fxe6 16. Nxe6 Ne5 17. a3 Be7 18. c5 Re8 19. h3 Bf8 20. Nxf8 Rxf8 21. f4 Nd7 22. b4 a5 23. Kb2 axb4 24. axb4 Nf6 25. Rxd3 Nd5 26. Kb3 Re8 27. g4 Re4 0-1


[Site "https://www.chess.com"]

[Event "Titled Tuesday Blitz February 14 Late 2023"]
[White "Acor, Corey"]
[Black "Fiorito, Joaquin"]
[WhiteFideId "2024861"]
[BlackFideId "180173"]
[WhiteElo "2216"]
[BlackElo "2405"]
[Result "1-0"]
[Round "07"]
[TimeControl "180+2"]
[Date "2023.02.14"]
[WhiteClock "0:00:27"]
[BlackClock "0:00:05"]

1. e4 c6 2. Nc3 d5 3. d3 g6 4. g3 Bg7 5. Bg2 dxe4 6. Nxe4 e5 7. Nf3 Ne7 8. O-O O-O 9. Re1 f6 10. d4 f5 11. Nc5 e4 12. Ng5 Rf6 13. c3 h6 14. Qb3+ Nd5 15. Nxb7 Qc7 16. Nxe4 fxe4 17. Nc5 Bf5 18. Nxe4 Bxe4 19. Rxe4 Nd7 20. c4 Rb8 21. Qc2 N5b6 22. Bf4 Qc8 23. Bxb8 Qxb8 24. Rae1 Kh7 25. b3 Qf8 26. Re7 Rf7 27. Re8 Qd6 28. c5 Qxd4 29. cxb6 axb6 30. R8e7 Rxe7 31. Rxe7 Ne5 32. Qe4 Qd1+ 33. Bf1 Qd6 34. Rb7 b5 35. h4 h5 36. Be2 Kh6 37. Kg2 Qc5 38. a4 bxa4 39. bxa4 Qa5 40. Re7 Qc5 41. Re6 Qc3 42. f4 Qb3 43. Rxe5 Bxe5 44. fxe5 Qe6 45. a5 Kg7 46. a6 c5 47. a7 Qxe5 48. Qxe5+ 1-0


[Site "https://www.chess.com"]

[Event "Titled Tuesday Blitz February 14 Late 2023"]
[White "Fier, Alexandr"]
[Black "Kalogeris, Ioannis"]
[WhiteFideId "2107139"]
[BlackFideId "4239563"]
[WhiteElo "2589"]
[BlackElo "2423"]
[Result "1-0"]
[Round "07"]
[TimeControl "180+2"]
[Date "2023.02.14"]
[WhiteClock "0:02:06"]
[BlackClock "0:00:51"]

1. d4 Nf6 2. Bg5 Ne4 3. h4 c5 4. dxc5 Nxg5 5. hxg5 e6 6. Nf3 Bxc5 7. e3 Qb6 8. Nbd2 Qxb2 9. Bd3 Nc6 10. Ne4 Bb4+ 11. Kf1 d5 12. Rb1 Qa3 13. Ng3 g6 14. e4 Bd7 15. exd5 exd5 16. Rh4 O-O 17. Bb5 a5 18. Qxd5 Rad8 19. Ne4 Be7 20. Nf6+ Bxf6 21. gxf6 Bf5 22. Qc4 Rfe8 23. Rxh7 Kxh7 24. Qxf7+ 1-0


[Site "https://www.chess.com"]

[Event "Titled Tuesday Blitz February 14 Late 2023"]
[White "Alvarez Calzadilla, Jose Avelino"]
[Black "Ozen, Bahadir"]
[WhiteFideId "3526151"]
[BlackFideId "6337058"]
[WhiteElo "2386"]
[BlackElo "2369"]
[Result "0-1"]
[Round "07"]
[TimeControl "180+2"]
[Date "2023.02.14"]
[WhiteClock "0:00:49"]
[BlackClock "0:01:16"]

1. e4 c5 2. Nf3 d6 3. Bb5+ Bd7 4. Bxd7+ Qxd7 5. O-O Nc6 6. c3 Nf6 7. Re1 e6 8. d4 cxd4 9. cxd4 d5 10. e5 Ne4 11. a3 Be7 12. Nbd2 Nxd2 13. Bxd2 O-O 14. h4 Rac8 15. Re3 f6 16. exf6 Bxf6 17. Bc3 Qf7 18. Qe2 Rfe8 19. Re1 Nd8 20. g3 Qh5 21. Kg2 h6 22. Ne5 Qxe2 23. R1xe2 Bxe5 24. Rxe5 Kf7 25. f4 Nc6 26. R5e3 h5 27. Kf3 g6 28. g4 hxg4+ 29. Kxg4 Re7 30. Rh2 Rh8 31. Reh3 Rh5 32. Re3 Re8 33. Rhe2 Kf6 34. Kg3 a6 35. a4 Kf7 36. b3 Ne7 37. Rd3 Nf5+ 38. Kf3 Rxh4 39. Rd1 Rh3+ 40. Kg2 Rg3+ 41. Kf2 Rxc3 0-1


[Site "https://www.chess.com"]

[Event "Titled Tuesday Blitz February 14 Late 2023"]
[White "Tsaruk, Maksim"]
[Black "Vlassov, Nikolai"]
[WhiteFideId "13511173"]
[BlackFideId "4103360"]
[WhiteElo "2373"]
[BlackElo "2283"]
[Result "0-1"]
[Round "07"]
[TimeControl "180+2"]
[Date "2023.02.14"]
[WhiteClock "0:00:03"]
[BlackClock "0:00:22"]

1. e4 Nc6 2. Nf3 d5 3. exd5 Qxd5 4. Nc3 Qa5 5. d4 Bg4 6. h3 Bxf3 7. Qxf3 O-O-O 8. Qxf7 e5 9. Bd3 exd4 10. Qf5+ Qxf5 11. Bxf5+ Kb8 12. Ne2 Bb4+ 13. Kf1 Nge7 14. Bd3 Ne5 15. Be4 d3 16. cxd3 Nxd3 17. a3 Bc5 18. Bxd3 Rxd3 19. Bg5 Rf8 20. f3 Nd5 21. Rc1 Bb6 22. Nc3 Nxc3 23. bxc3 h6 24. Bh4 Rd2 25. c4 Bc5 26. Be1 Ra2 27. Bb4 Rf5 28. h4 a5 29. Bxc5 Rxc5 30. Rh3 Rxa3 31. Rg3 g5 32. hxg5 hxg5 33. Rg4 b5 34. Rd4 b4 35. Kf2 Ra2+ 36. Kg3 b3 37. Rd3 a4 38. Kg4 Rxg2+ 39. Kh5 Rh2+ 40. Kg4 Rh4+ 41. Kg3 Rhxc4 42. Ra1 Kb7 43. Rd7 Kb6 44. Re1 Kb5 45. Re8 Rc6 46. Rb8+ Rb6 47. Rf8 b2 48. Rd1 a3 49. Rf5+ Rc5 50. Rf8 a2 0-1


[Site "https://www.chess.com"]

[Event "Titled Tuesday Blitz February 14 Late 2023"]
[White "Saveliev, Alexei"]
[Black "Goltsev, Dmitry"]
[WhiteFideId "24128546"]
[BlackFideId "24176710"]
[WhiteElo "2385"]
[BlackElo "2269"]
[Result "0-1"]
[Round "07"]
[TimeControl "180+2"]
[Date "2023.02.14"]
[WhiteClock "0:00:08"]
[BlackClock "0:01:02"]

1. c4 Nf6 2. Nc3 e5 3. Nf3 Nc6 4. e3 d5 5. cxd5 Nxd5 6. Bb5 Nxc3 7. bxc3 Bd6 8. d4 exd4 9. exd4 O-O 10. O-O Bg4 11. h3 Bh5 12. Be2 Re8 13. Bg5 Bxf3 14. Bxd8 Bxe2 15. Qb3 Bxf1 16. Bxc7 Bxc7 17. Qxb7 Bc4 18. Qxc7 Rac8 19. Qf4 Ne7 20. Rb1 Nd5 21. Qg3 Bxa2 22. Rb7 Nxc3 23. Qg5 a6 24. Kh2 Red8 25. Qa5 Be6 26. Qxa6 Rxd4 27. Qb6 Rdd8 28. Qe3 Nd5 29. Qf3 Nf6 30. Ra7 h6 31. Qf4 Rc2 32. Ra3 Rdd2 33. Rf3 Bd5 34. Rg3 Rxf2 35. Qb8+ Kh7 36. h4 Rxg2+ 37. Rxg2 Rxg2+ 38. Kh3 Rc2 39. h5 Re2 40. Qb1+ Be4 41. Qb5 Rf2 42. Qc5 Rf5 43. Qd4 Rxh5+ 44. Kg3 Rg5+ 45. Kh4 Rg4+ 46. Kh3 Bg2+ 47. Kh2 Rxd4 48. Kg3 Rd3+ 49. Kh2 Bd5 50. Kg1 h5 51. Kh2 h4 52. Kg1 Rd2 53. Kf1 h3 54. Ke1 Ra2 0-1


[Site "https://www.chess.com"]

[Event "Titled Tuesday Blitz February 14 Late 2023"]
[White "Nasuta, Grzegorz"]
[Black "Poliakova, Varvara"]
[WhiteFideId "1141686"]
[BlackFideId "13518313"]
[WhiteElo "2552"]
[BlackElo "2010"]
[Result "1-0"]
[Round "07"]
[TimeControl "180+2"]
[Date "2023.02.14"]
[WhiteClock "0:00:04"]
[BlackClock "0:00:14"]

1. e4 e5 2. Nf3 Nc6 3. d4 exd4 4. Nxd4 Nf6 5. Nxc6 bxc6 6. e5 Qe7 7. Qe2 Nd5 8. c4 Nb6 9. Nc3 Qe6 10. b3 d5 11. exd6 cxd6 12. Bb2 Be7 13. O-O-O O-O 14. Qc2 a5 15. Bd3 Qh6+ 16. Kb1 a4 17. h4 axb3 18. axb3 Be6 19. f3 d5 20. Bc1 Qf6 21. Bg5 Qe5 22. Bxe7 dxc4 23. Bxh7+ Kh8 24. b4 Rfe8 25. Bd6 Qh5 26. Be4 Nd5 27. g4 Qh6 28. g5 Qh5 29. Bc5 Nxb4 30. Bxb4 Rab8 31. Qb2 c5 32. Bxc5 Rxb2+ 33. Kxb2 Rb8+ 34. Kc2 g6 35. Bd4+ Kg8 36. Bf6 Bf5 37. Rdf1 Re8 38. Rh2 Bxe4+ 39. Nxe4 Rxe4 40. fxe4 Qg4 41. Rd2 Qxe4+ 42. Kc1 Kh7 43. Rd8 Qe3+ 44. Kc2 Qe2+ 45. Kc3 Qe3+ 46. Kb4 Qb3+ 47. Kc5 Qa3+ 48. Kc6 Qa6+ 49. Kd5 Qb7+ 50. Kd4 Qb6+ 51. Ke4 Qe6+ 52. Kf4 Qf5+ 53. Kg3 1-0


[Site "https://www.chess.com"]

[Event "Titled Tuesday Blitz February 14 Late 2023"]
[White "Bolourchifard, Farzad"]
[Black "Klose, Eli"]
[WhiteFideId "12510084"]
[BlackFideId "16242955"]
[WhiteElo "2292"]
[BlackElo "1519"]
[Result "0-1"]
[Round "07"]
[TimeControl "180+2"]
[Date "2023.02.14"]
[WhiteClock "0:00:29"]
[BlackClock "0:00:20"]

1. e4 e6 2. d4 d5 3. exd5 exd5 4. Nf3 Nf6 5. Bg5 Be7 6. Bd3 h6 7. Bh4 Bg4 8. O-O Nc6 9. c3 Qd7 10. Nbd2 g5 11. Bg3 h5 12. Qc2 h4 13. Be5 Rg8 14. Bxf6 Bxf6 15. Rfe1+ Be7 16. Bb5 Bf5 17. Qa4 f6 18. Nb3 Kf7 19. Na5 a6 20. Bxc6 bxc6 21. Qxc6 Qxc6 22. Nxc6 Bd6 23. a3 a5 24. b4 a4 25. Rac1 Bd7 26. Na5 Bf4 27. Rc2 Bf5 28. Rce2 Rge8 29. Nb7 Bd3 30. Rxe8 Rxe8 31. Nc5 Bb5 32. Rxe8 Kxe8 33. Nd2 Bxd2 34. g3 hxg3 35. fxg3 Bxc3 36. h4 gxh4 37. gxh4 Bxd4+ 38. Kg2 Bxc5 39. bxc5 c6 40. Kf3 Kf7 41. Kf4 Kg6 42. Ke3 Kh5 43. Kf4 Kxh4 44. Kf5 d4 45. Kxf6 d3 46. Ke5 d2 47. Kd6 d1=Q+ 48. Kc7 Qb3 49. Kb6 Qxa3 50. Ka5 Qb3 51. Kb6 a3 52. Kc7 a2 53. Kb6 a1=Q 54. Kc7 Qaa2 55. Kd6 Qaa3 56. Kc7 Qxc5 57. Kb7 Bf1+ 58. Ka8 Qca3# 0-1


[Site "https://www.chess.com"]

[Event "Titled Tuesday Blitz February 14 Late 2023"]
[White "Perske, Thore"]
[Black "Ibadov, Dashgyn"]
[WhiteFideId "12902195"]
[BlackFideId "24107514"]
[WhiteElo "2448"]
[BlackElo "2391"]
[Result "0-1"]
[Round "07"]
[TimeControl "180+2"]
[Date "2023.02.14"]
[WhiteClock "0:01:14"]
[BlackClock "0:01:33"]

1. e4 c5 2. Nf3 d6 3. g3 Nc6 4. Bg2 Nf6 5. d3 g6 6. O-O Bg7 7. Nc3 O-O 8. h3 Rb8 9. a4 a6 10. Be3 b5 11. axb5 axb5 12. Qd2 b4 13. Nd1 Bb7 14. Bh6 Ra8 15. Rb1 Nd4 16. Bxg7 Nxf3+ 17. Bxf3 Kxg7 18. Ne3 e6 19. Bg2 d5 20. e5 Nd7 21. Ng4 h5 22. Ne3 Nxe5 23. d4 cxd4 24. Qxd4 Qf6 25. Qxb4 Rab8 26. Qd2 d4 27. Nd1 Nf3+ 28. Bxf3 Qxf3 29. Qxd4+ Kg8 30. Ne3 Qh1# 0-1


[Site "https://www.chess.com"]

[Event "Titled Tuesday Blitz February 14 Late 2023"]
[White "Erdogan, Anil Berk"]
[Black "Golubka, Petro"]
[WhiteFideId "6348173"]
[BlackFideId "14114224"]
[WhiteElo "2091"]
[BlackElo "2371"]
[Result "0-1"]
[Round "07"]
[TimeControl "180+2"]
[Date "2023.02.14"]
[WhiteClock "0:00:04"]
[BlackClock "0:01:27"]

1. e4 c5 2. Nf3 Nc6 3. d4 cxd4 4. Nxd4 e5 5. Nb5 d6 6. N1c3 a6 7. Na3 b5 8. Nd5 Nf6 9. Bg5 Be7 10. Bxf6 Bxf6 11. c4 b4 12. Nc2 a5 13. h4 O-O 14. g3 Be6 15. Bh3 Bxd5 16. cxd5 Nd4 17. Nxd4 exd4 18. O-O d3 19. Rb1 Re8 20. Qxd3 Qe7 21. Rfe1 g6 22. Re2 a4 23. Qc4 Qb7 24. Qc6 Qb8 25. b3 axb3 26. axb3 Bc3 27. Kg2 Ra5 28. h5 Rc5 29. Qd7 Rxd5 30. hxg6 hxg6 31. Bg4 Rg5 32. f4 Rd8 33. fxg5 Rxd7 34. Bxd7 Qb7 35. Bg4 Qb5 36. Rd1 Qxg5 37. Bf3 Be5 38. g4 Qf4 39. Rd3 Kg7 40. Rc2 Qh2+ 41. Kf1 Qxc2 0-1


[Site "https://www.chess.com"]

[Event "Titled Tuesday Blitz February 14 Late 2023"]
[White "Stoyanov, Tsvetan"]
[Black "Remolar Gallen, Jose"]
[WhiteFideId "2917173"]
[BlackFideId "2215187"]
[WhiteElo "2454"]
[BlackElo "2285"]
[Result "0-1"]
[Round "07"]
[TimeControl "180+2"]
[Date "2023.02.14"]
[WhiteClock "0:00:02"]
[BlackClock "0:00:09"]

1. Nf3 Nf6 2. g3 g6 3. Bg2 Bg7 4. O-O O-O 5. c4 d6 6. d4 Ne4 7. Be3 c5 8. Nbd2 Bf5 9. Qc1 Qb6 10. Nb3 Na6 11. dxc5 Naxc5 12. Nfd4 Nxb3 13. Nxb3 Qc6 14. g4 Be6 15. Nd4 Bxd4 16. Bxd4 Bxc4 17. Qh6 e5 18. Be3 d5 19. Rac1 Qe6 20. f3 Nd6 21. f4 Bxe2 22. Rf2 Bxg4 23. fxe5 Nf5 24. Qf4 Nxe3 25. Qxe3 Rfe8 26. Qg3 Bf5 27. Re1 Rad8 28. h4 h5 29. Bf3 Kh7 30. Qg5 Qe7 31. Qg3 d4 32. Kh2 d3 33. Bxh5 d2 34. Rd1 Rd4 35. Be2 Qxh4+ 36. Kg1 Qxg3+ 0-1


[Site "https://www.chess.com"]

[Event "Titled Tuesday Blitz February 14 Late 2023"]
[White "Jovic, Stanoje"]
[Black "Oro, Faustino"]
[WhiteFideId "905020"]
[BlackFideId "20000197"]
[WhiteElo "2075"]
[BlackElo "2269"]
[Result "0-1"]
[Round "07"]
[TimeControl "180+2"]
[Date "2023.02.14"]
[WhiteClock "0:00:01"]
[BlackClock "0:00:10"]

1. c4 Nf6 2. g3 e6 3. Bg2 d5 4. Nf3 Be7 5. O-O O-O 6. d4 dxc4 7. Ne5 Nc6 8. Bxc6 bxc6 9. Nxc6 Qd7 10. Nxe7+ Qxe7 11. Na3 c5 12. Nxc4 Bb7 13. b3 Ne4 14. dxc5 Rfd8 15. Qc2 Qxc5 16. Be3 Qh5 17. f3 Nf6 18. Rad1 Bd5 19. Bd4 Ne8 20. e4 Bb7 21. Qf2 Ba6 22. Bxa7 Rxd1 23. Rxd1 Nf6 24. Be3 Nxe4 25. Qg2 Nc3 26. Rd7 Bb5 27. Ra7 Rd8 28. Nd6 Qd5 29. Qd2 Qc6 30. Kg2 Rxd6 31. Qxd6 Qxd6 32. Ra8+ Qf8 33. Rxf8+ Kxf8 34. a4 Bd3 35. a5 Ke8 36. f4 Nd5 37. Bd4 f6 38. Kf2 Kd7 39. Ke1 Kc6 40. Kd2 Be4 41. Bb2 Kb5 42. Ba3 Kxa5 43. Bf8 g6 44. h4 Kb5 45. g4 Bf3 46. g5 f5 0-1


[Site "https://www.chess.com"]

[Event "Titled Tuesday Blitz February 14 Late 2023"]
[White "Lopez Idarraga, Daniel Eduardo"]
[Black "Costachi, Mihnea"]
[WhiteFideId "4405501"]
[BlackFideId "1217518"]
[WhiteElo "2009"]
[BlackElo "2476"]
[Result "0-1"]
[Round "07"]
[TimeControl "180+2"]
[Date "2023.02.14"]
[WhiteClock "0:01:41"]
[BlackClock "0:01:20"]

1. e4 c5 2. d4 cxd4 3. c3 d5 4. exd5 Qxd5 5. cxd4 Nc6 6. Nf3 Bg4 7. Be2 Nf6 8. Nc3 Qa5 9. O-O e6 10. Bd2 Qd8 11. Bf4 Be7 12. Rc1 O-O 13. Re1 Nb4 14. Qb3 Bxf3 15. Bxf3 Nd3 16. Be5 Nxe1 17. Rxe1 Bd6 18. Qxb7 Rb8 19. Qxa7 Rxb2 20. Ne4 Nxe4 21. Bxe4 Bxe5 22. dxe5 Qd2 23. Qe3 Rxa2 24. Qxd2 Rxd2 25. g3 Rfd8 26. Kg2 Rb2 27. Rc1 g6 28. g4 Rdd2 29. Rf1 Rb5 0-1


[Site "https://www.chess.com"]

[Event "Titled Tuesday Blitz February 14 Late 2023"]
[White "Salimova, Nurgyul"]
[Black "Jimenez Garcia, Emmanuel"]
[WhiteFideId "2915138"]
[BlackFideId "6504779"]
[WhiteElo "2391"]
[BlackElo "2410"]
[Result "1-0"]
[Round "07"]
[TimeControl "180+2"]
[Date "2023.02.14"]
[WhiteClock "0:00:09"]
[BlackClock "0:00:01"]

1. e4 c6 2. d3 g6 3. f4 d5 4. e5 h5 5. Nd2 Nh6 6. Ndf3 Bg4 7. Be3 Nf5 8. Bf2 e6 9. g3 d4 10. h3 Qa5+ 11. Ke2 Bxf3+ 12. Nxf3 c5 13. Bg2 Nc6 14. Ng5 Be7 15. Bxc6+ bxc6 16. Ne4 O-O-O 17. b3 g5 18. fxg5 Qc7 19. g4 Qxe5 20. Qg1 hxg4 21. Qxg4 Rdg8 22. h4 Kd8 23. Rag1 Ng7 24. Qf3 Qf5 25. Ng3 Qxf3+ 26. Kxf3 f6 27. gxf6 Bxf6 28. Ne4 Be7 29. h5 Rf8+ 30. Ke2 Nxh5 31. Bg3 Nxg3+ 32. Nxg3 Rxh1 33. Rxh1 Rg8 34. Ne4 Rg2+ 35. Kd1 Ke8 36. Rh7 Kf8 37. a4 a5 38. Kc1 1-0


[Site "https://www.chess.com"]